 Dungeon Crawl Stone Soup version 0.30.1-4-g462c640d31 (webtiles) character file.

Game seed: 7932528272911288084

252 LynnLen the Sneak (level 5, -5/25 HPs)
             Began as a Spriggan Enchanter on Aug 26, 2023.
             Splashed by a jelly's acid (11 damage)
             ... on level 3 of the Dungeon.
             The game lasted 00:11:32 (3781 turns).

LynnLen the Sneak (Spriggan Enchanter)              Turns: 3781, Time: 00:11:33

Health: -5/25      AC: -10   Str:  4    XL:     5   Next: 89%
Magic:  9/11       EV: 18    Int: 18    God:
Gold:   184        SH:  5    Dex: 16    Spells: 3/11 levels left

rFire   + . .        q - +1 dagger (drain)
rCold   + . .        (no shield)
rNeg    . . .        b - +0 robe
rPois   .            (helmet restricted)
rElec   .            (no cloak)
rCorr   .            (gloves unavailable)
SInv    +            (boots unavailable)
Will    .....        d - amulet of reflection
Stlth   +++          k - ring of protection from cold
HPRegen 0.24/turn    r - ring of protection from fire
MPRegen 0.12/turn

%: reflection
@: corroded, very quick
A: very small, no large weapons, unfitting armour, see invisible, speed 3
a: no special abilities


You were on level 3 of the Dungeon.
You visited 1 branch of the dungeon, and saw 4 of its levels.

You collected 184 gold pieces.

Inventory:

Hand Weapons
 q - a +1 dagger of draining (weapon)
Armour
 b - a +0 robe (worn)
Jewellery
 a - a ring of wizardry
 d - an amulet of reflection (around neck)
 k - a ring of protection from cold (left hand)
 o - an amulet of magic regeneration
 r - a ring of protection from fire (right hand)
Wands
 j - a wand of digging (5)
Scrolls
 m - 3 scrolls of vulnerability {unknown}
 p - 5 scrolls of teleportation
 s - 3 scrolls of fear {unknown}
Potions
 c - 2 potions of invisibility
 e - 2 potions of lignification
 f - a potion of curing
 g - a potion of flight {unknown}
 h - a potion of attraction {unknown}
 i - 2 potions of heal wounds
 l - a potion of haste {unknown}
 n - a potion of degeneration {unknown}


   Skills:
 + Level 1.2 Fighting
 * Level 3.5 Short Blades
 + Level 3.6 Dodging
 + Level 5.3 Stealth
 + Level 3.7 Spellcasting
 * Level 5.1 Hexes


You had 3 spell levels left.
You knew the following spells:

 Your Spells              Type           Power      Damage    Failure   Level
a - Ensorcelled Hibernat  Hex/Ice        24%        N/A       9%          2
b - Confusing Touch       Hex            21%        N/A       5%          3
c - Tukima's Dance        Hex            21%        N/A       5%          3

Your spell library contained the following spells:

 Spells                   Type           Power      Damage    Failure   Level
 Dazzling Flash           Conj/Hex       24%        N/A       16%         3


Dungeon Overview and Level Annotations

Branches:
Dungeon (4/15)
 Temple: D:4-7

Altars:


Innate Abilities, Weirdness & Mutations

You are very small and have problems with some larger weapons.
You are too small for most types of armour.
You have supernaturally acute eyesight. (SInv)
You cover ground extremely quickly. (Speed+++)


Message History

The quokka is severely wounded.
You block the quokka's attack.
You closely miss the quokka.
The quokka is severely wounded.
The quokka misses you.
You hit the quokka.
You kill the quokka!
You see here a quokka corpse.
You now have 184 gold pieces (gained 10).
s - 3 scrolls labelled ANUHAGHIEMU You see here a +0 short sword.
Aiming: Ensorcelled Hibernation (safe; 9% risk of failure)
Press: ? - help, Q - select action Shift-Dir - straight line, f - jelly
Aim: a jelly (wandering, hasn't noticed you, chance to affect: 54%)
The jelly quivers.
The jelly looks drowsy...
The jelly quivers.
The jelly completely misses you.
You hit the jelly. The acid corrodes you!
Your hands burn!
The jelly is lightly wounded.
The jelly barely misses you.
You barely miss the jelly.
The jelly is lightly wounded.
You block the jelly's attack.
You hit the jelly but do no damage.
Your hands burn!
The jelly is lightly wounded.
You barely miss the jelly.
The jelly is lightly wounded.
You block the jelly's attack.
You hit the jelly. You drain the jelly. The acid corrodes you!
Your hands burn!
The jelly is severely wounded.
The jelly hits you. The acid corrodes you!
You are splashed with acid!
You hit the jelly but do no damage. You drain the jelly.
Your hands burn!
* * * LOW HITPOINT WARNING * * *
You punch the jelly, but do no damage.
The jelly is almost dead.
The jelly hits you.
* * * LOW HITPOINT WARNING * * *
You are splashed with acid!
You die...

.#.#.##.>.......# #....
.? #†#.........####.#.
.##.#.#..............
##.#.#.#.......#....##
#..#..##.....).#(#####
#.##.#.......#.##...
#(###.#.).#.######....##
.#..)##.##....# ######.
#...###.@##.....###### #.
..###.#..#J.).........#
#. . #.#.##.#####.)....#
#. ...#..##..# #......#
#.
...(..J...#####......####
.......>###..............
......#.# #.###......####
......#.# #......# .....
#.# ########


You could see a jelly (very drained).

Vanquished Creatures
  A kobold brigand (D:3)
  2 jellies (D:2)
  3 adders
  3 dart slugs
  An orc (D:3)
  7 ball pythons
  11 endoplasms
  4 giant cockroaches
  5 goblins
  2 hobgoblins
  11 jackals
  4 quokkas
  6 bats
  6 frilled lizards
  14 kobolds
  5 rats
85 creatures vanquished.

Notes
Turn   | Place    | Note
-------+----------+-------------------------------------------
     0 | D:1      | LynnLen the Spriggan Enchanter began the quest for the Orb.
     0 | D:1      | Reached XP level 1. HP: 9/9 MP: 5/5
   204 | D:1      | Reached XP level 2. HP: 10/13 MP: 6/6
   242 | D:1      | Learned a level 2 spell: Ensorcelled Hibernation
   809 | D:1      | Reached XP level 3. HP: 16/16 MP: 8/8
   831 | D:1      | Learned a level 3 spell: Confusing Touch
   835 | D:1      | Learned a level 3 spell: Tukima's Dance
  1899 | D:2      | Reached XP level 4. HP: 21/21 MP: 9/9
  2282 | D:2      | You fall into a shaft and drop 2 floors!
  2373 | D:3      | Reached skill level 5 in Stealth
  2395 | D:3      | Reached XP level 5. HP: 19/25 MP: 1/11
  3000 | D:2      | Reached skill level 1 in Fighting
  3641 | D:3      | Reached skill level 5 in Hexes
  3781 | D:3      | Splashed by a jelly's acid

Illustrated notes

Levels and vault maps discovered:
D:1:      elethiomel_arrival_quiet, layout_basic
D:2:      cheibrodos_fertilizer, layout_basic
D:3:      layout_basic, serial_bayou_pond_c, minmay_misc_feat_chi,
          minmay_pentomino_pile
D:4:      kennysheep_goblin_castle, layout_basic, chei_slow_surprise

Skill      XL: |  1  2  3  4  5 |
---------------+----------------+-----
Hexes          | 4 5 |  5.1
Dodging        | 3 |  3.6
Spellcasting   | 3 |  3.7
Short Blades   | 2 3 |  3.5
Stealth        | 5 |  5.3
Fighting       | 1 |  1.2

Action                     |  1- 3 |  4- 6 || total
---------------------------+-------+-------++-------
  Melee: Dagger            |   136 |   132 ||   268
         Punch             |       |     1 ||     1
   Cast: Ensorcelled Hiber |    12 |    13 ||    25
    Use: Scroll            |     3 |     3 ||     6
   Stab: Sleeping          |    18 |    19 ||    37
 Armour: Robe              |    15 |    11 ||    26
  Dodge: Dodged            |    97 |    87 ||   184
  Block: Other             |    19 |    26 ||    45
         Reflection        |       |     1 ||     1
